 Dungeon Crawl Stone Soup version 0.26.0-45-g9c1d065592 (webtiles) character file.

Game seed: 1475614488733600420

53 kaeus the Sneak (level 3, -1/23 HPs)
             Began as an Octopode Enchanter on Jan 29, 2021.
             Slain by a hobgoblin
             ... wielding a +0 club
             ... led by Robin
              (9 damage)
             ... on level 2 of the Dungeon.
             The game lasted 00:01:22 (1484 turns).

kaeus the Sneak (Octopode Enchanter)                Turns: 1484, Time: 00:01:23

Health: -1/23      AC:  1    Str:  7    XL:     3   Next: 87%
Magic:  6/6        EV: 13    Int: 17    God:
Gold:   89         SH:  0    Dex: 13    Spells: 0/6 levels left

rFire    . . .     SeeInvis .   a - +1 dagger
rCold    . . .     Faith    .   (no shield)
rNeg     . . .     Spirit   .   (helmet restricted)
rPois    .         Reflect  .   (no amulet)
rElec    .         Harm     .   (no ring)
rCorr    .         Rampage  .   (no ring)
Will     .....                  (no ring)
Stlth    ++++......             (no ring)
HPRegen  0.07/turn              (no ring)
MPRegen  0.10/turn              (no ring)
                                (no ring)
                                (no ring)

@: no status effects
A: almost no armour, stealthy swim, amphibious, 8 rings, constrict 8, camouflage
1, gelatinous body 1
a: no special abilities


You were on level 2 of the Dungeon.
You visited 1 branch of the dungeon, and saw 2 of its levels.

You collected 89 gold pieces.

Inventory:

Hand Weapons
 a - a +1 dagger (weapon)
Missiles
 g - 17 poisoned darts
Jewellery
 h - an uncursed amulet of magic regeneration
Scrolls
 b - a scroll of amnesia {unknown}
 d - a scroll of blinking {unknown}
 e - 2 scrolls of fear {unknown}
Potions
 c - 2 potions of lignification {unknown}
 f - a potion of ambrosia {unknown}


   Skills:
 + Level 1.0 Fighting
 + Level 1.5 Short Blades
 + Level 2.2 Dodging
 * Level 5.0 Stealth
 + Level 2.2 Spellcasting
 + Level 3.2 Hexes


You couldn't memorise any spells.
You knew the following spells:

 Your Spells              Type           Power        Failure   Level
a - Corona                Hex            14%          4%          1
b - Ensorcelled Hibernat  Hex/Ice        14%          14%         2
c - Dazzling Flash        Conj/Hex       14%          28%         3

Your spell library contained the following spells:

 Spells                   Type           Power        Failure   Level
 Confusing Touch          Hex            13%          16%         3
 Tukima's Dance           Hex            13%          16%         3


Dungeon Overview and Level Annotations

Branches:
Dungeon (2/15)

Altars:


Innate Abilities, Weirdness & Mutations

You cannot wear most types of armour.
You are very stealthy in the water. (Stealth+)
You are amphibious.
You can wear up to eight rings at the same time.
You can use your tentacles to constrict eight enemies at once.
Your skin changes colour to match your surroundings (Stealth+).
Your rubbery body absorbs attacks. (AC +1, EV +1)


Message History

You hit Robin but do no damage. You squeeze Robin.
Robin is almost dead.
You constrict Robin. Robin misses you.
You hit Robin.
You kill Robin!
Your Stealth skill increases to level 5!
You barely miss the hobgoblin. You grab the hobgoblin.
You squeeze the hobgoblin.
The hobgoblin is moderately wounded.
You constrict the hobgoblin. You hit the hobgoblin but do no damage.
The hobgoblin is heavily wounded.
You constrict the hobgoblin, but do no damage.
The hobgoblin hits you with a +0 club!
You take 7 damage, and have 8/23 hp.
MASSIVE DAMAGE!!
You hit the hobgoblin. Your squeeze misses the hobgoblin.
The hobgoblin is almost dead.
You constrict the hobgoblin, but do no damage.
The hobgoblin hits you with a +0 club!
You die...

##. #.. #. ... #.##
#.# #... #.# ..# #.#
..# # #.# #.####..g
#@# #####.g.g...g
#g###ggggg.....#
##K##...##.######
########..).#.#.#...
#................####
#†######....#.#.## #.
##.##....##### ..
#.)...)...†.# ...
#..##.#..........


You could see a hobgoblin (strong) and a kobold.

Vanquished Creatures
  Robin (D:2)
  An adder (D:2)
  A ball python (D:1)
  4 bats
  A giant cockroach (D:1)
  A hobgoblin (D:1)
  A frilled lizard (D:1)
  14 goblins
  6 kobolds
  3 rats (D:1)
33 creatures vanquished.

Notes
Turn   | Place    | Note
-------+----------+-------------------------------------------
     0 | D:1      | kaeus the Octopode Enchanter began the quest for the Orb.
     0 | D:1      | Reached XP level 1. HP: 11/11 MP: 3/3
   211 | D:1      | Reached XP level 2. HP: 6/17 MP: 5/5
  1153 | D:2      | Reached XP level 3. HP: 22/22 MP: 6/6
  1156 | D:2      | Learned a level 2 spell: Ensorcelled Hibernation
  1160 | D:2      | Learned a level 3 spell: Dazzling Flash
  1175 | D:2      | Noticed Robin
  1462 | D:1      | Reached skill level 1 in Fighting
  1481 | D:2      | Killed Robin
  1482 | D:2      | Reached skill level 5 in Stealth
  1484 | D:2      | Slain by a hobgoblin

Illustrated notes

Levels and vault maps discovered:
D:1:      minmay_arrival_stair_chambers, layout_basic
D:2:      layout_loops_ring, uniq_robin, uniq_sigmund, uniq_jessica

Skill      XL: |  1  2  3 |
---------------+----------+-----
Fighting       | 1 |  1.0
Stealth        | 5 |  5.0
Short Blades   | |  1.5
Dodging        | |  2.2
Spellcasting   | |  2.2
Hexes          | |  3.2

Action                   || total
-------------------------++-------
Melee: Dagger            ||    66
       Tentacles         ||     7
       Constrict         ||    15
 Stab: Sleeping          ||    13
Armor: Skin              ||     4
Dodge: Dodged            ||    43
